Map: Last Fantasy LE

Players

ManlyManMeat - Winner!

  • Race: Protoss Protoss
  • Spawn Location: 3:00

Hohoho

  • Race: Terran Terran
  • League: Silver
  • Spawn Location: 7:00

VOD

Have the link to the VOD?

Description

Time

  • Played on: May 15, 2025, 6 p.m.
  • Length: 20:41
Show
View Real Time Build Order
Export as new Build Order

ManlyManMeat Protoss - Winner!

Build Orders: Oracle Opening, Carriers 

Get SALT Encoding   

  12  0:00  Probe  
  13  0:12  Probe  
  14  0:17  Pylon  
  14  0:24  Probe  
  15  0:37  Gateway, Probe  
  16  0:45  Assimilator  
  16  0:50  Probe  
  17  0:59  Gateway  
  18  1:04  Probe  
  18  1:16  Probe  
  19  1:24  Assimilator  
  19  1:27  Cybernetics Core  
  19  1:36  Probe  
  20  1:45  Warp Gate  
  20  1:57  Nexus  
  20  2:00  Probe  
  21  2:12  Probe  
  22  2:24  Probe  
  23  2:39  Pylon  
  23  2:54  Stalker  
  23  2:55  Robotics Facility  
  23  2:58  Stargate  
  25  3:05  Stalker  
  25  3:08  Probe  
  25  3:11  Probe  
  28  3:16  Probe  
  29  3:25  Probe  
  29  3:26  Probe  
  32  3:35  Pylon  
  32  3:37  Pylon  
  32  3:45  Observer  
  33  3:50  Oracle  
  33  3:53  Stalker  
  38  3:57  Probe x2  
  40  4:09  Probe  
  40  4:16  Stalker  
  39  4:30  Probe  
  39  4:31  Probe  
  39  4:42  Probe  
  39  4:43  Probe  
  39  4:45  Stalker  
  43  4:53  Probe  
  43  4:55  Probe  
  45  5:01  Probe  
  46  5:07  Probe  
  46  5:11  Probe  
  48  5:15  Observer  
  49  5:21  Observer  
  49  5:25  Robotics Bay  
  49  5:29  Probe  
  49  5:32  Assimilator x2  
  50  5:55  Probe  
  50  5:56  Fleet Beacon  
  50  6:07  Probe  
  50  6:09  Zealot x2  
  51  7:13  Carrier  
  57  7:23  Probe  
  57  7:25  Probe  
  59  7:32  Pylon  
  59  7:35  Probe  
  59  7:36  Pylon  
  61  7:37  Probe  
  61  7:44  Extended Thermal Lance  
  61  7:47  Probe, Twilight Council  
  61  7:50  Colossus, Probe  
  69  8:00  Probe  
  70  8:17  Gateway  
  70  8:19  Gateway  
  70  8:26  Gateway  
  70  8:28  Gateway  
  70  8:29  Gateway  
  70  8:30  Gateway  
  70  8:32  Gateway  
  70  8:35  Gateway, Pylon  
  70  8:36  Pylon  
  70  8:40  Forge  
  70  8:42  Forge  
  70  8:44  Carrier  
  70  8:47  Pylon  
  82  8:57  Colossus  
  82  9:05  Nexus  
  82  9:07  Assimilator, Protoss Shields Level 1  
  82  9:10  Assimilator  
  82  9:13  Pylon, Zealot  
  82  9:14  Zealot x2  
  88  9:18  Charge  
  55  10:04  Stalker x7  
  55  10:05  Stalker x3  
  75  10:16  Colossus  
  75  10:20  Probe x3  
  84  10:32  Probe x3  
  87  10:44  Probe  
  87  10:45  Probe  
  89  10:53  Blink  
  89  10:55  Zealot  
  91  10:57  Zealot  
  91  10:58  Zealot x6  
  83  11:13  Protoss Shields Level 2  
  73  11:31  Observer  
  73  11:40  Carrier  
  73  11:43  Zealot x7  
  93  11:47  Probe  
  94  11:56  Colossus  
  94  11:59  Probe x2  
  102  12:11  Probe  
  103  12:23  Probe  
  103  12:29  Nexus  
  104  12:36  Pylon  
  103  12:51  Carrier  
  109  12:57  Pylon  
  109  12:58  Pylon  
  109  13:01  Pylon  
  109  13:17  Probe x3  
  112  13:29  Probe  
  113  13:41  Protoss Ground Weapons Level 1  
  113  13:42  Protoss Shields Level 3  
  113  13:44  Probe  
  113  13:47  Probe  
  113  13:48  Probe x2, Carrier  
  117  13:52  Probe  
  117  14:00  Probe  
  125  14:04  Zealot x3  
  125  14:05  Zealot x5  
  141  14:19  Colossus  
  147  14:26  Zealot x4  
  147  14:46  Pylon  
  147  14:49  Pylon  
  147  14:52  Pylon  
  147  14:54  Photon Cannon  
  147  14:56  Pylon  
  147  15:04  Probe  
  148  15:07  Probe x3, Robotics Facility  
  148  15:11  Robotics Facility  
  148  15:13  Warp Prism  
  148  15:14  Shield Battery  
  125  16:09  Warp Prism  
  127  16:15  Stalker x6, Zealot  
  127  16:16  Stalker  
  143  16:19  Carrier  
  143  16:21  Stalker  
  141  16:36  Zealot  
  132  16:45  Warp Prism  
  129  16:49  Protoss Ground Weapons Level 2  
  127  16:57  Protoss Ground Armor Level 1  
  127  17:02  Resonating Glaives  
  127  17:12  Gravitic Boosters  
  127  17:15  Assimilator  
  127  17:16  Nexus  
  127  17:17  Assimilator  
  127  17:18  Zealot x5  
  127  17:19  Zealot x2  
  95  17:45  Stalker x2, Zealot  
  95  17:46  Stalker x6  
  97  17:57  Carrier  
  91  18:02  Disruptor  
  99  18:11  Zealot x7  
  99  18:12  Zealot x2  
  99  18:24  Zealot x6  
  99  18:25  Zealot x3  
  107  18:49  Zealot  
  107  18:50  Zealot x8  
  113  19:21  Zealot x9  
  125  19:31  Phoenix  
  119  19:48  Stalker x5  
  119  19:49  Stalker x4  
Show
View Real Time Build Order
Export as new Build Order

Hohoho Terran 

Build Orders:  

Get SALT Encoding   

  12  0:01  SCV  
  13  0:13  SCV  
  14  0:20  Supply Depot  
  14  0:27  Refinery  
  14  0:29  SCV  
  15  0:45  Barracks  
  15  0:55  Barracks  
  15  1:07  Supply Depot  
  15  1:09  SCV  
  16  1:21  SCV  
  17  1:26  Refinery  
  17  1:34  Reaper, SCV  
  19  1:44  Reaper  
  19  1:46  SCV  
  21  2:00  SCV  
  22  2:06  Reaper  
  23  2:12  SCV  
  24  2:16  Reaper  
  25  2:24  SCV  
  26  2:36  SCV  
  27  2:38  Reaper  
  28  2:48  Reaper  
  28  2:49  Factory  
  29  3:03  Orbital Command  
  29  3:10  Marine  
  30  3:20  Marine  
  31  3:35  Supply Depot  
  31  3:45  Command Center  
  31  3:56  Marine x2  
  29  4:38  Marine x2  
  29  4:43  Factory Tech Lab  
  29  4:45  Starport  
  29  4:52  Armory  
  29  4:55  Engineering Bay  
  29  4:56  Marine x2  
  31  5:03  Widow Mine  
  33  5:13  Marine  
  34  5:14  Marine  
  35  5:21  Engineering Bay  
  35  5:24  Viking  
  37  5:31  Marine  
  37  5:32  Marine  
  37  5:33  Orbital Command  
  39  5:49  Marine x2  
  40  5:52  Terran Infantry Weapons Level 1  
  40  5:54  Viking, Terran Infantry Armor Level 1  
  43  6:00  Terran Ship Weapons Level 1  
  43  6:20  Barracks Reactor  
  43  6:23  Barracks Tech Lab  
  41  6:37  Siege Tank  
  40  6:44  Starport Reactor  
  40  6:48  Marine  
  40  6:52  Stimpack  
  41  7:03  Marine  
  41  7:04  Marine  
  41  7:06  Marine  
  44  7:09  Siege Tank  
  47  7:21  Viking, Marine  
  47  7:22  Viking, Marine  
  53  7:24  Marine  
  54  7:31  SCV x2  
  54  7:36  Refinery x2  
  56  7:39  Marine  
  56  7:40  Drilling Claws, Marine  
  56  7:41  Marine  
  56  7:43  SCV  
  67  7:51  Viking x2  
  60  7:57  Marine x2  
  66  7:58  SCV  
  66  7:59  Marine  
  66  8:00  SCV  
  69  8:10  SCV  
  70  8:13  Supply Depot  
  70  8:20  Marine x3, SCV  
  70  8:23  Viking  
  76  8:28  Terran Ship Weapons Level 2  
  76  8:31  Combat Shield  
  76  8:36  Terran Infantry Weapons Level 2  
  76  8:38  Marine x3  
  79  8:43  SCV  
  79  8:44  SCV  
  81  8:51  Terran Infantry Armor Level 2  
  81  8:55  Marine, SCV  
  81  8:56  Marine x2  
  85  9:13  Marine  
  86  9:18  Viking x2, Marine x2  
  86  9:19  Supply Depot  
  92  9:42  Supply Depot  
  78  10:17  Marine  
  78  10:18  Marine x2  
  81  10:24  Supply Depot  
  81  10:27  Viking x2  
  85  10:35  Marine  
  85  10:36  Marine x2  
  88  10:53  Marine x3  
  88  10:55  Refinery  
  88  10:56  Supply Depot  
  88  10:57  Viking x2, Command Center  
  95  11:11  Marine x3  
  65  11:28  Marine, Widow Mine  
  65  11:29  Marine x2  
  70  11:35  Viking  
  72  11:42  Medivac  
  72  11:46  Marine  
  75  11:47  Marine x2  
  75  11:49  Widow Mine  
  79  12:04  Marine  
  79  12:05  Marine x2, Medivac  
  79  12:06  Refinery  
  84  12:09  Terran Ship Weapons Level 3  
  84  12:10  Widow Mine  
  86  12:19  Terran Infantry Weapons Level 3  
  86  12:22  Marine  
  82  12:56  Planetary Fortress  
  82  13:04  SCV x2  
  84  13:16  SCV x2  
  86  13:32  Missile Turret, Marine x3  
  89  13:50  Marine x3  
  89  13:54  Terran Infantry Armor Level 3, Missile Turret  
  92  13:57  Viking  
  92  13:58  Viking  
  96  14:07  Marine  
  96  14:08  Marine x2  
  99  14:18  Missile Turret  
  99  14:25  Marine  
  99  14:26  Marine x2  
  99  14:27  Viking  
  95  14:40  Missile Turret  
  95  14:44  Marine  
  85  14:46  Viking, Terran Vehicle And Ship Armor Level 1  
  87  14:57  Viking  
  89  15:03  Hi-Sec Auto Tracking  
  89  15:16  Viking  
  89  15:17  Marine x3  
  89  15:20  Starport  
  94  15:27  Viking, SCV x2  
  98  15:35  Marine x3  
  96  15:46  Viking  
  85  15:52  Marine  
  85  15:53  Marine x2  
  80  15:57  Viking  
  82  16:10  Marine  
  82  16:11  Marine x2  
  83  16:16  Viking  
  87  16:24  Starport Tech Lab  
  86  16:28  Marine  
  86  16:29  Marine x2  
  86  16:31  Neosteel Armor  
  81  16:46  Marine x3  
  69  16:58  Banshee  
  71  17:04  Cloaking Field, Marine x3  
  74  17:20  Terran Vehicle And Ship Armor Level 2  
  74  17:22  Marine  
  65  17:40  Banshee  
  28  18:23  Banshee  
  29  18:31  Viking x2  
  30  19:00  Viking  
  30  19:01  Viking  
Tags
 
Composition
Carriers
League
Silver
Matchup
PvT
Replay Pack
Multiplayer
Spawn Locations
Cross Positions
Add a new tag
Caveats
  • Supply blocks, unpowered buildings, or Contaminate may cause inaccurate times.
  • Supply counts are checked every 10 seconds.